 Dungeon Crawl Stone Soup version 0.29-a0-375-g5102b3be25 (webtiles) character file.

Game seed: 13840251161852665985

51 mistaj the Skirmisher (level 3, -4/24 HPs)
             Began as a Gargoyle Fighter on May 3, 2022.
             Killed by divine providence
             ... invoked by an orc priest
              (12 damage)
             ... on level 1 of the Dungeon.
             The game lasted 00:01:59 (1742 turns).

mistaj the Skirmisher (Gargoyle Fighter)            Turns: 1742, Time: 00:01:59

Health: -4/24      AC: 12    Str: 19    XL:     3   Next: 81%
Magic:  3/3        EV:  5    Int: 10    God:
Gold:   55         SH:  8    Dex:  9    Spells: 2/2 levels left

rFire   . . .      SeeInvis .   a - +0 flail
rCold   . . .      Faith    .   h - +0 kite shield
rNeg    + . .      Spirit   .   f - +0 chain mail
rPois   ∞          Reflect  .   (no helmet)
rElec   +          Harm     .   (no cloak)
rCorr   .          Rampage  .   (no gloves)
Will    .....                   (no boots)
Stlth   ..........              (no amulet)
HPRegen 0.08/turn               (no ring)
MPRegen 0.08/turn               (no ring)

@: no status effects
A: sickness immunity, AC +3, negative energy resistance 1, electricity
resistance, torment resistance 1, petrification resistance
a: no special abilities


You were on level 1 of the Dungeon.
You visited 1 branch of the dungeon, and saw 2 of its levels.

You collected 55 gold pieces.

Inventory:

Hand Weapons
 a - a +0 flail (weapon)
Armour
 f - a +0 chain mail (worn)
 h - a +0 kite shield (worn)
Scrolls
 b - 2 scrolls of identify {unknown}
Potions
 d - a potion of might
 e - a potion of mutation {unknown}
 g - 2 potions of curing {unknown}


   Skills:
 + Level 3.8 Fighting
 + Level 2.5 Maces & Flails
 + Level 3.8 Armour
 + Level 3.8 Shields


You had 2 spell levels left.
You didn't know any spells.
Your spell library was empty.

Dungeon Overview and Level Annotations

Branches:
Dungeon (2/15)

Altars:


Innate Abilities, Weirdness & Mutations

You are immune to sickness and miasma.
Your stone body is resilient. (AC +3)
You are immune to poison.
You resist negative energy. (rN+)
You are resistant to electric shocks. (rElec)
You are resistant to unholy torment.
You are immune to petrification.


Message History

An orc comes into view. It is wielding a +0 club.
An orc priest comes into view. It is wielding a +0 hand axe.
The orc priest shouts!
The orc priest looks encouraged for a moment.
The orc hits you but does no damage. The orc attacks as you move away!
You block the orc's attack. You block the orc's attack.
There is a stone staircase leading up here.
The orc hits you with a +0 dagger.
You climb upwards.
There is a stone staircase leading down here.
You sock the orc!
You kill the orc!
No target in view!
No target in view!
You start resting.
HP restored.
You climb downwards.
You block the orc's attack.
The orc priest hits you but does no damage.
You block the orc's attack.
There is a stone staircase leading up here.
The orc shouts!
The orc priest hits you with a +0 hand axe.
The orc barely misses you.
You climb upwards.
There is a stone staircase leading down here.
You hit the orc priest but do no damage.
The orc priest mumbles some strange prayers to Beogh against you.
Beogh smites you! The orc hits you with a +0 club.
You hit the orc priest.
The orc priest is lightly wounded.
The orc priest hits you but does no damage.
The orc hits you but does no damage. The orc priest barely misses you.
The orc hits you with a +0 club.
You hit the orc priest but do no damage.
The orc priest is lightly wounded.
The orc priest calls down the wrath of Beogh upon you.
Beogh smites you!
Ouch! That really hurt!
You die...

### ########## #.#
#........# #.#
#.######.#
#.###.#....#.#
#.....#......#
#.##..####.###
#.##..#.......
#####.#...#.##.###
#@o...............
#o#.#.....#.##....
#.#.#.###.#.##....
#.#.#.#.#.#.##.###
#.#.#.#...#.##.###
#.#.#.#...#.##....
#.#.#.......##....
#.#.......#.##....
#.................


You could see an orc priest and an orc.

Vanquished Creatures
  An adder (D:2)
  An orc (D:1)
  4 ball pythons
  8 bats
  3 endoplasms (D:1)
  5 giant cockroaches
  2 goblins (D:1)
  5 hobgoblins (D:1)
  A kobold (D:1)
  2 frilled lizards
  3 rats (D:1)
35 creatures vanquished.

Notes
Turn   | Place    | Note
-------+----------+-------------------------------------------
     0 | D:1      | mistaj the Gargoyle Fighter began the quest for the Orb.
     0 | D:1      | Reached XP level 1. HP: 14/14 MP: 1/1
   258 | D:1      | Reached XP level 2. HP: 11/19 MP: 2/2
  1236 | D:1      | Reached XP level 3. HP: 23/23 MP: 3/3
  1742 | D:1      | Killed from afar by an orc priest

Illustrated notes

Levels and vault maps discovered:
D:1:      tarquinn_simple_flora_water_c, layout_basic, minmay_stone_trees_small,
          wad_floor_pattern_untrapped, solitary_fountain, hangedman_decor_lopped
D:2:      layout_loops_ring, shapermc_ecumenical_altar_hornbeckon

Action                   || total
-------------------------++-------
Melee: Flail             ||   134
Armor: Scale mail        ||    15
       Chain mail        ||   119
Dodge: Dodged            ||    61
Block: Buckler           ||    26
       Kite shield       ||    29

Table legend: (Time is in decaauts)
 A = Elapsed time spent in this place.
 B = Non-inter-level travel time spent in this place.
 C = Inter-level travel time spent in this place.
 D = Time resting spent in this place.
 E = Time spent auto-exploring this place.
 F = Levels seen in this place.
 G = Mean time per level.
                   A        B        C        D        E       F      G
               +--------+--------+--------+--------+--------+-----+--------+
         Total |   1792 |   1783 |      9 |    713 |    682 |   2 |  896.0 |
       Dungeon |   1792 |   1783 |      9 |    713 |    682 |   2 |  896.0 |
               +--------+--------+--------+--------+--------+-----+--------+

Top non-repeatable levels by time:
     D:1: 1687 daAuts
     D:2: 105 daAuts
